Map: Cyber Forest LE

Players

Smeeeger - Winner!

  • Race: Zerg Zerg
  • League: Platinum
  • Spawn Location: 11:00

Valkyrie

  • Race: Zerg Zerg
  • League: Platinum
  • Spawn Location: 5:00

VOD

Have the link to the VOD?

Description

Time

  • Played on: July 21, 2019, 10:37 a.m.
  • Length: 9:56
Show
View Real Time Build Order
Export as new Build Order

Smeeeger Zerg - Winner!

Build Orders: Hatch First, Roach Nydus 

Get SALT Encoding   

  12  0:00  Drone  
  13  0:13  Overlord  
  13  0:18  Drone  
  14  0:31  Drone x2  
  16  0:36  Drone  
  17  0:46  Drone  
  18  0:57  Hatchery  
  18  1:00  Drone  
  18  1:02  Extractor  
  17  1:15  Spawning Pool  
  17  1:18  Drone  
  17  1:21  Drone  
  18  1:29  Drone  
  19  1:46  Overlord  
  19  2:03  Queen  
  19  2:04  Zergling x2  
  19  2:05  Zergling x2  
  23  2:09  Queen  
  23  2:10  Zergling x2  
  23  2:12  Drone  
  23  2:15  Metabolic Boost  
  27  2:20  Drone  
  28  2:23  Drone  
  29  2:42  Drone  
  29  2:43  Overlord  
  30  2:49  Roach Warren  
  29  2:57  Drone x3  
  32  2:58  Zergling x2  
  32  3:04  Drone  
  35  3:05  Drone  
  35  3:17  Extractor  
  35  3:18  Overlord  
  34  3:20  Overlord  
  34  3:21  Drone  
  34  3:22  Drone x2  
  37  3:31  Roach x2  
  41  3:39  Hatchery  
  41  3:41  Drone x3  
  43  3:44  Roach  
  43  3:46  Roach  
  47  3:57  Queen, Evolution Chamber  
  47  3:59  Drone  
  49  4:03  Drone  
  49  4:04  Drone  
  49  4:06  Drone  
  52  4:12  Overlord  
  52  4:14  Overlord  
  52  4:24  Zerg Missile Weapons Level 1  
  52  4:25  Drone, Evolution Chamber  
  52  4:29  Drone x2  
  54  4:38  Lair  
  54  4:39  Overlord  
  54  4:41  Drone  
  54  4:44  Drone x2  
  61  4:52  Roach  
  61  4:53  Roach x2  
  63  5:08  Drone  
  63  5:09  Drone  
  63  5:10  Burrow  
  65  5:15  Drone  
  65  5:16  Drone x2  
  65  5:17  Drone, Extractor  
  65  5:19  Drone  
  65  5:20  Drone x2  
  71  5:23  Queen  
  71  5:24  Overlord x2  
  73  5:30  Drone x2  
  75  5:36  Zerg Ground Armor Level 1, Glial Reconstitution  
  75  5:41  Drone x4  
  79  5:55  Nydus Network  
  78  6:02  Roach x2  
  82  6:12  Drone x3  
  82  6:15  Pneumatized Carapace  
  82  6:16  Drone  
  82  6:17  Drone  
  87  6:19  Roach x2, Extractor  
  87  6:20  Extractor  
  89  6:28  Roach x2  
  89  6:29  Roach  
  95  6:37  Nydus Canal  
  95  6:41  Drone x3  
  95  6:42  Drone x3  
  95  6:43  Overlord x4  
  95  6:44  Roach  
  95  6:45  Roach  
  105  6:50  Overlord x3  
  102  7:04  Roach  
  102  7:05  Roach x4  
  102  7:07  Overseer  
  111  7:12  Roach x2  
  115  7:18  Roach x2, Ravager  
  115  7:21  Ravager  
  121  7:31  Roach x4  
  121  7:32  Extractor  
  121  7:35  Overseer  
  128  7:41  Roach x3  
  134  7:53  Nydus Canal  
  134  7:55  Roach  
  134  7:56  Roach x5  
  146  8:06  Zergling x2  
  146  8:07  Zergling x12  
  151  8:30  Ravager  
  151  8:31  Ravager  
  151  8:32  Ravager  
  151  8:33  Overlord x3  
  154  8:38  Hydralisk Den  
  153  8:43  Hatchery x2  
  145  9:12  Overseer  
  145  9:27  Hatchery  
Show
View Real Time Build Order
Export as new Build Order

Valkyrie Zerg 

Build Orders: Pool First 

Get SALT Encoding   

  12  0:01  Drone  
  13  0:09  Drone  
  14  0:18  Extractor  
  14  0:19  Drone  
  14  0:33  Spawning Pool  
  13  0:36  Drone  
  14  0:54  Overlord  
  14  1:14  Drone  
  14  1:17  Drone x2  
  17  1:19  Queen  
  19  1:31  Overlord  
  19  1:40  Roach Warren  
  18  1:47  Zergling x2  
  18  1:48  Zergling x2  
  20  2:01  Zergling x2  
  21  2:18  Hatchery  
  21  2:19  Drone  
  21  2:22  Drone  
  22  2:41  Roach x3  
  28  2:53  Roach  
  30  3:06  Overlord  
  30  3:23  Queen  
  30  3:24  Overlord  
  32  3:30  Drone  
  32  3:32  Drone x2  
  32  3:33  Roach  
  37  3:54  Roach x2  
  43  3:55  Roach  
  43  3:56  Roach  
  43  4:00  Overlord  
  45  4:13  Evolution Chamber  
  44  4:18  Evolution Chamber  
  44  4:19  Drone  
  44  4:20  Roach  
  44  4:22  Roach  
  48  4:26  Drone  
  48  4:28  Drone  
  50  4:33  Drone  
  51  4:51  Spine Crawler x2  
  49  4:55  Drone  
  49  4:56  Drone x2  
  54  5:07  Spine Crawler  
  54  5:08  Spine Crawler  
  54  5:10  Drone x2  
  54  5:11  Roach  
  56  5:14  Roach  
  56  5:20  Drone x2  
  60  5:24  Overlord  
  60  5:30  Overlord  
  60  5:43  Drone x4  
  60  5:47  Lair  
  64  6:05  Zerg Melee Weapons Level 1  
  64  6:06  Zerg Ground Armor Level 1  
  64  6:10  Drone x3  
  67  6:13  Extractor  
  67  6:14  Extractor  
  67  6:15  Drone x2  
  67  6:16  Extractor  
  67  6:17  Drone  
  67  6:20  Metabolic Boost  
  67  6:21  Zergling x2  
  67  6:22  Zergling x4  
  67  6:24  Zergling x2  
  71  6:26  Zergling x2  
  71  6:32  Overlord  
  72  6:45  Drone  
  74  6:47  Drone x3  
  74  6:50  Overlord x2  
  73  7:18  Spine Crawler  
  72  7:26  Drone x5  
  72  7:27  Drone  
  78  7:33  Infestation Pit  
  78  7:36  Drone  
  78  7:37  Drone x2  
  78  7:38  Drone  
  78  7:39  Drone x5  
  86  8:06  Spine Crawler  
  85  8:13  Spine Crawler x2  
  81  8:21  Roach x4  
  81  8:25  Roach  
  81  8:26  Roach x3  
  92  8:28  Zergling x2  
  92  8:29  Zergling x10  
  92  8:30  Hive  
  92  8:32  Overlord  
  98  8:41  Roach  
  100  8:42  Overlord  
  94  9:05  Roach  
  94  9:06  Roach  
  94  9:07  Roach  
  94  9:08  Roach  
  102  9:20  Hydralisk Den  
  101  9:28  Spine Crawler  
  95  9:31  Spine Crawler  
  95  9:33  Roach x3  
  95  9:36  Roach x3  
Tags
 
Add a new tag
Caveats
  • Supply blocks, unpowered buildings, or Contaminate may cause inaccurate times.
  • Supply counts are checked every 10 seconds.